 Dungeon Crawl Stone Soup version 0.29-a0-378-gc08b2e8bf8 (webtiles) character file.

Game seed: 1021973454622709272

2429 YayAnonymity the Cleaver (level 9, -3/74 HPs)
             Began as a Hill Orc Fighter on May 5, 2022.
             Was a Believer of Zin.
             Slain by a boulder beetle (4 damage)
             ... on level 6 of the Dungeon.
             The game lasted 00:09:47 (7917 turns).

YayAnonymity the Cleaver (Hill Orc Fighter)         Turns: 7917, Time: 00:09:47

Health: -3/74      AC: 19    Str: 25    XL:     9   Next: 48%
Magic:  11/13      EV:  7    Int: 10    God:    Zin [**....]
Gold:   347        SH:  4    Dex: 12    Spells: 8/8 levels left

rFire   + . .      SeeInvis .   a - +0 war axe
rCold   + . .      Faith    .   c - +0 buckler
rNeg    . . .      Spirit   .   p - +0 plate armour
rPois   ∞          Reflect  .   o - +2 helmet
rElec   .          Harm     .   s - +0 cloak
rCorr   .          Rampage  .   (no gloves)
Will    .....                   k - +0 pair of boots
Stlth   ..........              B - amulet of the acrobat
HPRegen 0.22/turn               e - ring of protection from fire
MPRegen 0.13/turn               j - ring of protection from cold

@: vitalised
A: no striking features
a: Renounce Religion, Recite, Vitalisation, Donate Gold


You were on level 6 of the Dungeon.
You worshipped Zin.
Zin was pleased with you.
You visited 2 branches of the dungeon, and saw 8 of its levels.

You collected 385 gold pieces.
You donated 38 gold pieces to Zin.

Inventory:

Hand Weapons
 a - a +0 war axe (weapon)
 z - a +0 morningstar
Missiles
 b - 15 poisoned darts (quivered)
 q - 5 silver javelins
 y - a throwing net
Armour
 c - a +0 buckler (worn)
 k - a +0 pair of boots (worn)
 o - a +2 helmet (worn)
 p - a +0 plate armour (worn)
 s - a +0 cloak (worn)
Jewellery
 e - a ring of protection from fire (left hand)
 j - a ring of protection from cold (right hand)
 A - a ring of flight
 B - an amulet of the acrobat (around neck)
Wands
 i - a wand of polymorph (5)
 t - a wand of iceblast (7)
Scrolls
 d - a scroll of fear
 l - 2 scrolls of amnesia
 D - a scroll of acquirement {unknown}
Potions
 f - a potion of might
 g - 5 potions of attraction
 h - a potion of heal wounds
 m - 2 potions of lignification {unknown}
 n - 7 potions of curing
 r - 2 potions of cancellation
 u - a potion of flight {unknown}
 v - a potion of haste
 w - a potion of degeneration {unknown}
 x - a potion of mutation {unknown}
 C - a potion of berserk rage {unknown}


   Skills:
 - Level 5.0 Fighting
 * Level 12.2 Axes
 + Level 7.8 Armour
 - Level 3.2 Shields
 + Level 5.6 Invocations


You had 8 spell levels left.
You didn't know any spells.
Your spell library contained the following spells:

 Spells                   Type           Power      Damage    Failure   Level
 Magic Dart               Conj           0%         1d3       99%         1
 Static Discharge         Conj/Air       0%         N/A       100%        2
 Dazzling Flash           Conj/Hex       0%         N/A       100%        3
 Stone Arrow              Conj/Erth      0%         3d7       100%        3
 Animate Armour           Summ/Erth      0%         N/A       100%        4
 Iron Shot                Conj/Erth      0%         9d1       100%        6
 Lehudib's Crystal Spear  Conj/Erth      0%         10d2      100%        8


Dungeon Overview and Level Annotations

Branches:
Dungeon (7/15)             Temple (1/1) D:4

Altars:
Cheibriados
Dithmenos
Fedhas
Gozag
Hepliaklqana
Kikubaaqudgha
Nemelex Xobeh
Okawaru
Qazlal
Ru
Sif Muna
Trog
Vehumet
Wu Jian
Zin
Lugonu


Message History

The boulder beetle bites you but does no damage.
You hit the boulder beetle but do no damage.
The boulder beetle leaps!
The gargoyle hurls a stone arrow at you.
The stone arrow hits you!!
The boulder beetle curls into a ball and begins rolling!
The boulder beetle hits you but does no damage.
The boulder beetle stops rolling and uncurls.
The boulder beetle leaps!
There is a stone staircase leading up here.
The boulder beetle bites you!!
You climb upwards.
There is a stone staircase leading down here.
You slash the boulder beetle!
The boulder beetle is lightly wounded.
The boulder beetle bites you but does no damage.
You hit the boulder beetle but do no damage.
The boulder beetle is lightly wounded.
The boulder beetle bites you but does no damage.
There's no appreciative audience!
Zin grants you divine stamina.
The boulder beetle bites you but does no damage.
You hit the boulder beetle but do no damage.
The boulder beetle is lightly wounded.
The boulder beetle bites you but does no damage.
You barely miss the boulder beetle.
The boulder beetle is lightly wounded.
The boulder beetle barely misses you.
You hit the boulder beetle but do no damage.
The boulder beetle is lightly wounded.
The boulder beetle bites you!
* * * LOW HITPOINT WARNING * * *
You hit the boulder beetle but do no damage.
The boulder beetle is lightly wounded.
The boulder beetle bites you!
* * * LOW HITPOINT WARNING * * *
You hit the boulder beetle but do no damage.
The boulder beetle is lightly wounded.
The boulder beetle bites you.
You die...

###....##.# #.....# #...###.#.##
##....## ###........###...###
##...........#.....###
....♣♣...............#
..PP♣♣....#.#.#......#
...♣.......###......##
...........###..>B...#
.#..###.....###.@....# ####
.#####.....## #....### ##..## .##
#......# #.....###### #....#
..###......# ##........#.#####..#
...##......# #.............###...
#..##..###.####.#######.....###..
#......##.........#######..##....
.......####...#....#.##..........
#.#....# ##..##..........#......


You could see a boulder beetle.

Vanquished Creatures
  Grinder (D:6)
  Sigmund (D:2)
  Eustachio (D:4)
  Menkaure (D:6)
  A water moccasin (D:7)
  An orc warrior (D:6)
  An ogre (D:6)
  A centaur (D:7)
  A phantom (D:6)
  A kobold brigand (D:7)
  2 bullfrogs (D:6)
  3 scorpions
  A gnoll sergeant (D:5)
  A howler monkey (D:6)
  Crazy Yiuf (D:3)
  A gnoll shaman (D:5)
  7 orc priests
  2 jellies
  3 hounds (D:5)
  2 iguanas
  2 orc wizards (D:6)
  Ijyb (D:4)
  13 gnolls
  9 adders
  A white imp (D:6)
  2 ufetubi (D:4)
  3 worms (D:2)
  4 dart slugs
  20 orcs
  8 endoplasms
  3 giant cockroaches
  2 goblins
  7 hobgoblins
  7 jackals
  3 quokkas
  6 ball pythons
  5 bats
  6 frilled lizards
  8 kobolds
  A rat (D:2)
144 creatures vanquished.

Vanquished Creatures (others)
  An orc wizard (D:5)
1 creature vanquished.

Grand Total: 145 creatures vanquished

Notes
Turn   | Place    | Note
-------+----------+-------------------------------------------
     0 | D:1      | YayAnonymity the Hill Orc Fighter began the quest for the
                  | Orb.
     0 | D:1      | Reached XP level 1. HP: 19/19 MP: 1/1
    63 | D:1      | Reached skill level 3 in Axes
   217 | D:1      | Reached XP level 2. HP: 18/26 MP: 2/2
   616 | D:1      | Reached skill level 4 in Axes
   848 | D:1      | Reached XP level 3. HP: 29/31 MP: 3/3
   930 | D:1      | HP: 1/31 [gnoll/+0 flail (5)]
  1234 | D:2      | Reached XP level 4. HP: 30/39 MP: 4/4
  1345 | D:2      | Reached skill level 5 in Axes
  1986 | D:2      | Noticed Sigmund
  2086 | D:2      | Killed Sigmund
  2087 | D:2      | Reached skill level 7 in Axes
  2087 | D:2      | Reached skill level 5 in Armour
  2087 | D:2      | Reached XP level 5. HP: 29/45 MP: 5/5
  2087 | D:2      | Reached XP level 6. HP: 33/51 MP: 6/6
  2550 | D:3      | Found a blossoming altar of Fedhas.
  2739 | D:3      | Found a shimmering blue altar of Sif Muna.
  2742 | D:3      | Got the Disquisition on Conjuration
  3085 | D:3      | Found a runed translucent door.
  3086 | D:3      | Noticed Crazy Yiuf
  3395 | D:3      | Killed Crazy Yiuf
  3691 | D:4      | Noticed Eustachio
  3727 | D:4      | Killed Eustachio
  3728 | D:4      | Reached skill level 8 in Axes
  3728 | D:4      | Reached XP level 7. HP: 32/57 MP: 7/7
  3885 | D:4      | Noticed Ijyb
  3895 | D:4      | Killed Ijyb
  4007 | D:4      | Reached skill level 9 in Axes
  4071 | D:4      | Found a staircase to the Ecumenical Temple.
  4088 | Temple   | Entered the Ecumenical Temple
  4137 | Temple   | Became a worshipper of Zin the Law-Giver
  4137 | Temple   | Reached * piety under Zin
  4415 | D:4      | Found a stormy altar of Qazlal.
  4415 | D:4      | Found a sacrificial altar of Ru.
  4655 | D:5      | Entered Level 5 of the Dungeon
  4697 | D:5      | Reached skill level 1 in Invocations
  4899 | D:5      | Reached XP level 8. HP: 53/66 MP: 9/9
  5253 | D:5      | Reached ** piety under Zin
  5519 | D:5      | Reached skill level 10 in Axes
  6467 | D:6      | Reached skill level 5 in Fighting
  6601 | D:6      | Found a sparkling altar of Nemelex Xobeh.
  6611 | D:6      | Reached skill level 11 in Axes
  6661 | D:6      | Noticed Grinder
  6670 | D:6      | Reached XP level 9. HP: 48/74 MP: 10/12
  6671 | D:6      | Paralysed by Grinder for 5 turns
  6689 | D:6      | Killed Grinder
  6988 | D:6      | Reached skill level 5 in Invocations
  7207 | D:6      | Found an ornate altar of the Wu Jian Council.
  7273 | D:6      | Noticed Menkaure
  7278 | D:6      | Killed Menkaure
  7585 | D:6      | Found a snail-covered altar of Cheibriados.
  7777 | D:7      | Reached skill level 12 in Axes
  7893 | D:7      | Noticed a gargoyle
  7893 | D:7      | Noticed a boulder beetle
  7916 | D:6      | HP: 1/74 [boulder beetle (10)]
  7917 | D:6      | Slain by a boulder beetle

Illustrated notes

Levels and vault maps discovered:
D:1:      moated_graveyard_arrival, layout_basic, serial_rivers,
          chequers_serial_rivers_small_3, chequers_serial_rivers_room_b,
          chequers_serial_rivers_micro_c, chequers_serial_rivers_micro_d
D:2:      minmay_diamond_boxcup, layout_loops_cross, nrook_mini_vaults,
          minmay_tetromino_o2, uniq_sigmund
D:3:      layout_basic, fedhas_altar_2, mainiacjoe_overflow_alcove_2,
          uniq_crazy_yiuf_cottage
D:4:      layout_basic, gammafunk_temple_overflow_statue,
          minmay_temple_entry_large_hall, uniq_ijyb, uniq_eustachio
D:5:      layout_basic
D:6:      layout_cave_pools, mainiacjoe_overflow_surrounded_room,
          nemelex_dance_club_becter, nicolae_wu_jian_immortal_techniques,
          serial_park_tiny_2, uniq_menkaure, uniq_grinder
D:7:      minmay_the_grid_plus [minmay_the_grid_large_cup,
          minmay_the_grid_outer_diamond, minmay_the_grid_embedded,
          minmay_the_grid_empty, minmay_the_grid_prize_big_room], layout_basic,
          lemuel_round_altar, nicolae_overflow_crystal_walls,
          mainiacjoe_overflow_concentric_impassable, serial_shops,
          kennysheep_mini_moat, shop, nicolae_inconvenience_store, shop,
          nicolae_shop_trees
Temple:   corrupted_temple

Skill      XL: |  1  2  3  4  5  6  7  8  9 |
---------------+----------------------------+-----
Axes           | 3 4 7 8 9 11 12 | 12.2
Armour         | 4 5 6 7 |  7.8
Invocations    | 1 4 5 |  5.6
Fighting       | 4 5 |  5.0
Shields        | |  3.2

Action                   |  1- 3 |  4- 6 |  7- 9 || total
-------------------------+-------+-------+-------++-------
Melee: War axe           |    57 |   175 |   271 ||   503
       Unarmed           |       |     8 |       ||     8
Invok: Recite            |       |       |     4 ||     4
       Vitalisation      |       |       |     2 ||     2
  Use: Potion            |       |     1 |       ||     1
       Scroll            |       |     7 |     2 ||     9
 Stab: Confused          |       |       |     1 ||     1
       Invisible         |       |       |     1 ||     1
Armor: Scale mail        |     2 |       |       ||     2
       Chain mail        |    29 |    98 |       ||   127
       Plate armour      |       |    24 |   165 ||   189
Dodge: Dodged            |    20 |    59 |    71 ||   150
Block: Buckler           |     5 |    41 |    46 ||    92

Table legend: (Time is in decaauts)
 A = Elapsed time spent in this place.
 B = Non-inter-level travel time spent in this place.
 C = Inter-level travel time spent in this place.
 D = Time resting spent in this place.
 E = Time spent auto-exploring this place.
 F = Levels seen in this place.
 G = Mean time per level.
                   A        B        C        D        E       F      G
               +--------+--------+--------+--------+--------+-----+--------+
         Total |   8004 |   7721 |    283 |    693 |   5645 |   8 | 1000.5 |
       Dungeon |   7935 |   7669 |    266 |    693 |   5619 |   7 | 1133.6 |
        Temple |     69 |     52 |     17 |      0 |     26 |   1 |   69.0 |
               +--------+--------+--------+--------+--------+-----+--------+

Top non-repeatable levels by time:
     D:5: 1756 daAuts
     D:1: 1314 daAuts
     D:6: 1280 daAuts
     D:2: 1259 daAuts
     D:3: 1157 daAuts
     D:4: 933 daAuts
     D:7: 233 daAuts
  Temple: 69 daAuts
